 Dungeon Crawl Stone Soup version 0.30-a0-757-ga6a79fd877 (webtiles) character file.

Game seed: 11850625525324693999

102 browni3141 the Cudgeller (level 4, -2/35 HPs)
             Began as a Mummy Cinder Acolyte on Feb 9, 2023.
             Was a High Priest of Ignis.
             Slain by a gnoll
             ... wielding a +0 flail
              (9 damage)
             ... on level 2 of the Dungeon.
             The game lasted 00:03:50 (2135 turns).

browni3141 the Cudgeller (Mummy Cinder Acolyte)     Turns: 2135, Time: 00:03:50

Health: -2/35      AC:  5    Str: 17    XL:     4   Next: 50%
Magic:  0/7        EV: 10    Int: 15    God:    Ignis [*****.]
Gold:   67         SH:  0    Dex:  7    Spells: 6/8 levels left

rFire   . . .      SeeInvis .    a - -1 mace (flame)
rCold   + . .      Faith    +    (no shield)
rNeg    + + +      Spirit   .    i - +0 ring mail
rPois   ∞          Reflect  .    (no helmet)
rElec   .          Harm     .    (no cloak)
rCorr   .          Rampage  .    (no gloves)
Will    .....                    (no boots) Stlth
                                 (no amulet)
HPRegen 0.25/turn                (no ring)
MPRegen 0.10/turn                (no ring)

@: no status effects
A: cold resistance 1, negative energy resistance 3, torment resistance 2, heat
vulnerability 1, in touch with death 1, no potions, faith
a: Renounce Religion, Fiery Armour, Foxfire Swarm, Rising Flame


You were on level 2 of the Dungeon.
You worshipped Ignis.
Ignis was extremely pleased with you.
You visited 1 branch of the dungeon, and saw 3 of its levels.

You collected 67 gold pieces.

Inventory:

Hand Weapons
 a - a -1 mace of flaming (weapon)
Missiles
 j - 6 curare-tipped darts
Armour
 b - a +0 robe
 i - a +0 ring mail (worn)
Scrolls
 c - 2 scrolls of identify {unknown}
 d - a scroll of teleportation {unknown}
 e - a scroll of magic mapping {unknown}
 f - a scroll of blinking {unknown}
 g - 2 scrolls of poison {unknown}
 h - a scroll of enchant armour {unknown}
 k - a scroll of silence {unknown}


   Skills:
 - Level 3.0 Fighting
 * Level 3.5 Maces & Flails
 * Level 0.9 Armour
 * Level 2.5 Spellcasting
 - Level 3.0 Fire Magic


You had 6 spell levels left.
You knew the following spells:

 Your Spells              Type           Power      Damage    Failure   Level
a - Scorch                Fire           20%        2d6       17%         2

Your spell library contained the following spells:

 Spells                   Type           Power      Damage    Failure   Level
 Ozocubu's Armour         Ice            1%         N/A       75%         3
 Metabolic Englaciation   Hex/Ice        0%         N/A       100%        5
 Simulacrum               Ice/Necr       1%         N/A       100%        6


Dungeon Overview and Level Annotations

Branches:
Dungeon (3/15)

Altars:


Innate Abilities, Weirdness & Mutations

You are immune to poison.
Your flesh is cold resistant. (rC+)
You are immune to negative energy. (rN+++)
You are immune to unholy pain and torment.
You are vulnerable to heat. (rF-)
You are in touch with the powers of death.
You do not drink.
You have a special connection with the divine. (Faith)


Message History

A gnoll and a frilled lizard come into view.
Found a faded altar of an unknown god.
The gnoll shouts!
The frilled lizard hisses angrily.
A gnoll comes into view. It is wielding a +0 flail.
A rat comes into view.
A gnoll comes into view. It is wielding a +0 flail.
Flames lash the gnoll.
The gnoll is moderately wounded.
The gnoll's fire resistance burns away.
The gnoll shouts!
You miscast Scorch.
You are very lightly contaminated with residual magic.
Nothing appears to happen.
The gnoll barely misses you.
Flames lash the gnoll.
The gnoll is heavily wounded.
You hear an angry hiss.
The gnoll hits you from afar with a +0 halberd.
An adder comes into view.
You don't have enough magic to cast this spell.
There is a stone staircase leading up here.
The gnoll hits you with a +0 halberd!
There is a stone staircase leading up here.
You hit the gnoll. You burn the gnoll.
You kill the gnoll!
The gnoll hits you with a +0 flail! The gnoll hits you with a +0 flail.
The adder barely misses you.
Your magical contamination has completely faded away.
You climb upwards.
There is a stone staircase leading down here.
Casting: Scorch (safe; 17% risk of failure)
Press: ? - help, Q - select action, (/) - cycle Dir - look around, f - activate Flames lash the gnoll.
The gnoll is almost dead.
The gnoll's fire resistance burns away.
The gnoll hits you with a +0 flail!
* * * LOW HITPOINT WARNING * * *
You barely miss the gnoll.
The gnoll is almost dead.
The gnoll hits you with a +0 flail!
You die...

#..##)..................##
#..##......##.#.....###...
#..................## ####
#.####...#.........# # #.#
#.#...........# ##.#
#...#.........# #..#
###...........# #.##
####g....#..#### #.#
#....@#..#.## #.#
#.#..##....####
#.####.#...........####
#.#....###.##...##....###
#######...####
#..#...#####...###
#.......÷..# ##.#.###
###.... #.......)..#
#....# ####. #..........#
#....# ## #..........#
#....#


You could see a gnoll (combustible).

Vanquished Creatures
  Terence (D:2)
  A gnoll (D:3)
  3 adders
  A dart slug (D:1)
  6 endoplasms
  4 goblins (D:1)
  2 hobgoblins
  7 kobolds
  A quokka (D:1)
  3 ball pythons (D:1)
  5 bats
  5 frilled lizards
  3 rats (D:1)
42 creatures vanquished.

Notes
Turn   | Place    | Note
-------+----------+-------------------------------------------
     0 | D:1      | browni3141 the Mummy Cinder Acolyte began the quest for the
                  | Orb.
     0 | D:1      | Reached XP level 1. HP: 18/18 MP: 2/2
   270 | D:1      | Reached XP level 2. HP: 24/24 MP: 5/5
   273 | D:1      | Learned a level 2 spell: Scorch
  1298 | D:1      | Gained mutation: You are in touch with the powers of death.
                  | [Mummy growth]
  1298 | D:1      | Reached XP level 3. HP: 29/29 MP: 1/6
  1673 | D:2      | Reached XP level 4. HP: 35/35 MP: 4/7
  1822 | D:2      | Noticed Terence
  1832 | D:2      | Killed Terence
  1951 | D:2      | Identified the +11 short sword of Fatigue {protect, Fly rF+
                  | Str-4 Dex+4}
  2123 | D:3      | Found a faded altar of an unknown god.
  2135 | D:2      | Slain by a gnoll

Illustrated notes

Levels and vault maps discovered:
D:1:      amcnicky_arrival_choice, layout_basic
D:2:      layout_rooms, uniq_terence
D:3:      minmay_chambers_of_twos, layout_loops_cross,
          hellmonk_ecumenical_altar_arch_garden, uniq_crazy_yiuf_cottage

Skill      XL: |  1  2  3 |
---------------+----------+-----
Spellcasting   | 2 |  2.5
Fire Magic     | 3 |  3.0
Maces & Flails | 3 |  3.5
Fighting       | |  3.0
Armour         | |  0.9

Action                     |  1- 3 |  4- 6 || total
---------------------------+-------+-------++-------
  Melee: Mace              |    50 |    10 ||    60
         Punch             |     1 |       ||     1
   Cast: Scorch            |    25 |     7 ||    32
 Invoke: Fiery Armour      |     1 |     1 ||     2
 Armour: Robe              |    12 |       ||    12
         Ring mail         |     8 |       ||     8
  Dodge: Dodged            |    49 |     8 ||    57

Table legend: (Time is in decaauts)
 A = Elapsed time spent in this place.
 B = Non-inter-level travel time spent in this place.
 C = Inter-level travel time spent in this place.
 D = Time resting spent in this place.
 E = Time spent auto-exploring this place.
 F = Levels seen in this place.
 G = Mean time per level.
                   A        B        C        D        E       F      G
               +--------+--------+--------+--------+--------+-----+--------+
         Total |   2151 |   2114 |     37 |      0 |   1804 |   3 |  717.0 |
       Dungeon |   2151 |   2114 |     37 |      0 |   1804 |   3 |  717.0 |
               +--------+--------+--------+--------+--------+-----+--------+

Top non-repeatable levels by time:
     D:1: 1417 daAuts
     D:2: 720 daAuts
     D:3: 12 daAuts
